AoeStats
← miaousyo

Arena

510286659Analyzed
2v2 RM · 2d ago on Sep 30, 2026· 74m 8s· 4 players
Game mode
Random Map
Map size
Medium (4 player)
Population
200
Speed
Normal
Resources
Standard
Victory
Conquest
Starting age
Dark Age
Ending age
Imperial Age
RankedLock teamsTeams togetherTeam positionsShared explorationLock speedFull tech treeHidden civsTurbo modeCheats
Victory
Defeat
🇩🇪 Armenians · Germany
931
+15
🇹🇷 Portuguese · Türkiye
927
+15
🇫🇷 Byzantines · France
950
-17
🇫🇷 Cumans · France
868
-13
a-pb
10:49 Feudal Age
12:30 Double-Bit Axe
15:04 Castle Age
12:58 Horse Collar
17:08 Heavy Plow
25:22 Imperial Age
23:57 Fletching
25:41 Wheelbarrow
24:36 Crossbowman
25:14 Bodkin Arrow
25:20 Padded Archer Armor
27:20 Arbalester
28:38 Hand Cart
28:10 Loom
30:58 Thumb Ring
31:16 Gold Mining
32:44 Chemistry
34:55 Onager
40:27 Ballistics
40:10 Bracer
40:25 Leather Archer Armor
58:22 Light Cavalry
61:31 Husbandry
61:48 Scale Barding Armor
61:54 Forging
62:15 Ring Archer Armor
62:21 Crop Rotation
62:05 Bow Saw
63:27 Chain Barding Armor
63:59 Iron Casting
69:20 Hussar
miaousyo
10:40 Feudal Age
8:58 Loom
13:03 Double-Bit Axe
25:38 Castle Age
31:03 Horse Collar
31:36 Bow Saw
41:52 Gold Mining
44:02 Gold Shaft Mining
62:11 Imperial Age
62:20 Imperial Age
60:31 Thumb Ring
59:57 Elite Skirmisher
65:52 Scale Barding Armor
65:59 Forging
65:56 Elite Steppe Lancer
68:16 Iron Casting
68:50 Padded Archer Armor
68:28 Crossbowman
Tuturuu421
1:20 Loom
12:14 Feudal Age
17:03 Castle Age
16:34 Double-Bit Axe
17:34 Stone Mining
17:38 Horse Collar
21:27 Man-at-Arms
21:28 Pikeman
22:14 Gold Mining
22:51 Bow Saw
23:51 Padded Archer Armor
23:41 Fletching
23:53 Scale Mail Armor
25:18 Heavy Plow
26:23 Caravan
28:02 Wheelbarrow
27:35 Long Swordsman
28:00 Gambesons
28:16 Squires
28:02 Arson
29:46 Ballistics
29:27 Bodkin Arrow
29:47 Leather Archer Armor
30:51 Two-Handed Swordsman
33:04 Gold Shaft Mining
32:54 Champion
36:13 Hand Cart
41:44 Forging
61:09 Halberdier
63:14 Coinage
73:33 Imperial Age
73:33 Capped Ram
batuhan
10:39 Feudal Age
10:03 Loom
14:28 Castle Age
12:31 Stone Mining
13:02 Double-Bit Axe
14:17 Horse Collar
29:54 Imperial Age
27:29 Gold Mining
30:16 Stone Shaft Mining
29:57 Heavy Plow
31:08 Wheelbarrow
30:19 Town Watch
31:43 Chemistry
31:26 Bow Saw
33:58 Hand Cart
35:19 Elite Organ Gun
53:38 Conscription
60:08 Arquebus
60:50 Town Patrol
62:03 Masonry
61:33 Treadmill Crane
61:48 Murder Holes
62:14 Ballistics
62:00 Siege Engineers
Connection lost

Rejoining the realm…

Still unreachable

The connection could not be restored.

Session expired

The server has moved on; the page needs a fresh start.